Map: 이터널 엠파이어 - 래더

Players

PtitDrogo - Winner!

  • Race: Protoss Protoss
  • Spawn Location: 1:00

Zest

  • Race: Protoss Protoss
  • Spawn Location: 7:00

Event: StayAtHomestory Cup #2

VOD

Have the link to the VOD?

Description

Time

  • Played on: June 12, 2020, 4:13 p.m.
  • Length: 6:32

All games in this series

Show
View Real Time Build Order
Export as new Build Order

PtitDrogo Protoss - Winner!

Build Orders: Phoenix Opening 

Get SALT Encoding   

  12  0:00  Probe  
  13  0:13  Probe  
  14  0:17  Pylon  
  14  0:25  Probe  
  15  0:33  Probe  
  15  0:36  Gateway  
  15  0:41  Probe  
  16  0:47  Assimilator  
  17  0:51  Probe  
  17  0:55  Assimilator  
  18  0:59  Probe  
  19  1:08  Probe  
  19  1:09  Gateway  
  20  1:18  Probe  
  20  1:24  Cybernetics Core  
  21  1:30  Probe  
  22  1:35  Pylon  
  22  1:43  Probe  
  23  2:01  Warp Gate, Stalker x2  
  27  2:04  Probe  
  28  2:09  Pylon  
  28  2:24  Probe  
  28  2:38  Sentry x2  
  32  2:47  Nexus  
  32  2:49  Probe  
  33  2:57  Robotics Facility  
  33  3:02  Probe  
  34  3:07  Pylon  
  34  3:10  Probe  
  34  3:18  Probe  
  36  3:27  Probe  
  36  3:29  Shield Battery  
  37  3:35  Probe  
  38  3:44  Probe  
  38  3:46  Immortal, Phoenix  
  43  3:54  Probe  
  43  3:56  Probe  
  45  4:05  Probe  
  45  4:06  Probe  
  45  4:08  Twilight Council  
  47  4:15  Immortal, Probe  
  47  4:18  Probe  
  49  4:27  Probe  
  49  4:31  Probe  
  55  4:32  Pylon  
  55  4:34  Resonating Glaives  
  55  4:45  Warp Prism  
  55  4:48  Gateway  
  55  4:51  Gateway  
  55  4:59  Gateway  
  57  5:04  Gateway  
  57  5:06  Gateway  
  57  5:11  Adept  
  57  5:12  Adept  
  61  5:17  Pylon  
  61  5:20  Observer  
  62  5:29  Pylon  
  62  5:30  Pylon  
  62  5:33  Adept x2  
  62  5:35  Pylon  
  66  5:57  Adept x5  
  76  6:04  Probe  
  76  6:05  Probe  
  78  6:11  Adept  
  78  6:12  Adept  
  78  6:16  Probe  
  79  6:24  Adept x5  
Show
View Real Time Build Order
Export as new Build Order

Zest Protoss 

Build Orders: Phoenix Opening 

Get SALT Encoding   

  12  0:00  Probe  
  13  0:13  Probe  
  14  0:17  Pylon  
  14  0:24  Probe  
  15  0:32  Probe  
  15  0:37  Gateway  
  15  0:40  Probe  
  16  0:46  Assimilator  
  17  0:51  Probe  
  17  0:54  Assimilator  
  18  0:59  Probe  
  19  1:07  Probe  
  19  1:08  Gateway  
  19  1:17  Probe  
  20  1:24  Cybernetics Core  
  21  1:29  Probe  
  22  1:35  Pylon  
  22  1:41  Probe  
  23  1:54  Probe  
  18  2:01  Warp Gate, Stalker x2  
  28  2:13  Pylon  
  28  2:31  Sentry  
  28  2:34  Sentry  
  32  2:42  Nexus  
  32  2:46  Shield Battery  
  32  2:48  Probe  
  33  2:58  Sentry  
  35  3:01  Probe  
  35  3:05  Phoenix  
  36  3:08  Pylon  
  36  3:09  Sentry  
  38  3:13  Probe  
  39  3:23  Forge  
  39  3:24  Probe  
  40  3:33  Probe  
  40  3:37  Robotics Facility  
  40  3:41  Probe  
  41  3:47  Protoss Ground Weapons Level 1  
  42  3:51  Probe  
  42  3:53  Probe  
  42  3:55  Phoenix  
  44  3:59  Probe  
  44  4:03  Probe  
  44  4:09  Probe  
  46  4:11  Probe  
  48  4:19  Probe  
  48  4:20  Phoenix  
  48  4:21  Probe  
  50  4:24  Observer  
  50  4:30  Probe, Assimilator  
  52  4:31  Probe  
  52  4:32  Assimilator  
  52  4:38  Probe  
  53  4:40  Gateway  
  53  4:41  Gateway  
  53  4:43  Probe  
  55  4:47  Immortal, Probe  
  55  4:48  Pylon  
  60  4:57  Probe  
  62  5:00  Probe  
  62  5:08  Robotics Bay  
  62  5:13  Pylon  
  62  5:19  Gateway  
  62  5:20  Gateway  
  62  5:25  Photon Cannon x2  
  62  5:29  Shield Battery  
  62  5:32  Warp Prism  
  64  5:42  Photon Cannon  
  64  5:46  Shield Battery  
  64  5:52  Zealot x2  
  64  5:55  Zealot  
  70  6:03  Pylon  
  68  6:07  Zealot  
  45  6:25  Zealot  
Tags
 
Add a new tag
Caveats
  • Supply blocks, unpowered buildings, or Contaminate may cause inaccurate times.
  • Supply counts are checked every 10 seconds.